 Dungeon Crawl Stone Soup version 0.27-a0-577-ge2a43ba0c9 (webtiles) character file.

Game seed: 9210040167752057221

4 jasper the Vexing (level 1, 0/10 HPs)
             Began as a Deep Elf Enchanter on Mar 9, 2021.
             Slain by a jackal (3 damage)
             ... on level 1 of the Dungeon.
             The game lasted 00:00:27 (189 turns).

jasper the Vexing (Deep Elf Enchanter)               Turns: 189, Time: 00:00:28

Health: 0/10       AC:  2    Str:  5    XL:     1   Next: 58%
Magic:  6/6        EV: 12    Int: 19    God:
Gold:   0          SH:  0    Dex: 15    Spells: 5/6 levels left

rFire    . . .     SeeInvis .   d - +2 short sword (speed)
rCold    . . .     Faith    .   (no shield)
rNeg     . . .     Spirit   .   b - +0 robe
rPois    .         Reflect  .   (no helmet)
rElec    .         Harm     .   (no cloak)
rCorr    .         Rampage  .   (no gloves)
Will     .....                  (no boots)
Stlth    +++.......             (no amulet)
HPRegen  0.03/turn              (no ring)
MPRegen  0.10/turn              (no ring)

@: no status effects
A: no striking features
a: no special abilities


You were on level 1 of the Dungeon.
You visited 1 branch of the dungeon, and saw 1 of its levels.

Inventory:

Hand Weapons
 a - a +1 dagger
 d - a +2 short sword of speed (weapon)
Armour
 b - a +0 robe (worn)
Scrolls
 c - a scroll of fear {unknown}


   Skills:
 - Level 1.0 Short Blades
 + Level 2.5 Dodging
 * Level 3.8 Stealth
 + Level 3.0 Spellcasting
 * Level 4.1 Hexes


You had 5 spell levels left.
You knew the following spells:

 Your Spells              Type           Power      Damage    Failure   Level
a - Corona                Hex            20%        N/A       2%          1

Your spell library contained the following spells:

 Spells                   Type           Power      Damage    Failure   Level
 Confusing Touch          Hex            18%        N/A       9%          3
 Tukima's Dance           Hex            18%        N/A       9%          3
 Ensorcelled Hibernation  Hex/Ice        20%        N/A       10%         2
 Dazzling Flash           Conj/Hex       20%        N/A       19%         3


Dungeon Overview and Level Annotations

Branches:
Dungeon (1/15)

Altars:


Message History

You swing at nothing.
You swing at nothing.
You swing at nothing.
You swing at nothing.
You swing at nothing.
You swing at nothing.
You swing at nothing.
You start resting.
HP restored.
Health restored: 10 You see here a bat corpse.
You see here a goblin corpse.
A jackal comes into view.
The jackal barks! x3
The jackal barely misses you.
You hear a bark!
You see here a +2 short sword of speed.
d - a +2 short sword of speed The jackal barely misses you.
The jackal bites you. x2
You take 6 damage, and have 4/10 hp.
MASSIVE DAMAGE!!
The jackal barely misses you. The jackal bites you.
* * * LOW HITPOINT WARNING * * *
You see here a goblin corpse.
You take 1 damage, and have 3/10 hp.
You see here a bat corpse.
Your hands tingle!
d - a +2 short sword of speed (weapon)
The jackal barely misses you.
You hit the jackal.
The jackal is lightly wounded.
The jackal barely misses you.
You hit the jackal.
The jackal is heavily wounded.
The jackal barely misses you.
You puncture the jackal!
You kill the jackal!
You closely miss the jackal. The jackal bites you.
You die...

... #.# #.###
#h..##
#.......#..#
......####h###
#.....##h....##
#.#.. #h#8≈8#.#
# #.. #@#≈≈≈#.#
.. #.#8≈8#.#
### #.#≈≈≈#.#
#.#8≈8#.#
##.....##
##.<.## #####


You could see 2 jackals.

Vanquished Creatures
  A goblin (D:1)
  A jackal (D:1)
  2 bats (D:1)
4 creatures vanquished.

Notes
Turn   | Place    | Note
-------+----------+-------------------------------------------
     0 | D:1      | jasper the Deep Elf Enchanter began the quest for the Orb.
     0 | D:1      | Reached XP level 1. HP: 10/10 MP: 6/6
   189 | D:1      | Slain by a jackal

Illustrated notes

Levels and vault maps discovered:
D:1:      lightli_arrival_statue_moat, layout_loops_ring

Action                   || total
-------------------------++-------
Melee: Dagger            ||    19
       Short sword       ||     4
 Cast: Corona            ||     2
Armor: Robe              ||     9
Dodge: Dodged            ||    24

Table legend: (Time is in decaauts)
 A = Elapsed time spent in this place.
 B = Non-inter-level travel time spent in this place.
 C = Inter-level travel time spent in this place.
 D = Time resting spent in this place.
 E = Time spent auto-exploring this place.
 F = Levels seen in this place.
 G = Mean time per level.
                   A        B        C        D        E       F      G
               +--------+--------+--------+--------+--------+-----+--------+
         Total |    186 |    186 |      0 |    105 |      8 |   1 |  186.0 |
       Dungeon |    186 |    186 |      0 |    105 |      8 |   1 |  186.0 |
               +--------+--------+--------+--------+--------+-----+--------+

Top non-repeatable levels by time:
     D:1: 186 daAuts
